 Dungeon Sprint DCSS version 0.19-a0-1079-g88a7474 (webtiles) character file.

5416 Kidiri the Grappler (level 10, -12/114 HPs)
             Began as a Troll Berserker on Aug 6, 2016.
             Was a High Priest of Trog.
             Mangled by a death yak (26 damage)
             ... in the Dungeon (Sprint VII: "The Pits").
             The game lasted 00:05:30 (1403 turns).

Kidiri the Grappler (Troll Berserker)               Turns: 1403, Time: 00:05:31

Health: -12/114    AC: -20   Str: 29    XL:     10   Next: 40%
Magic:  3/3        EV: 18    Int:  3    God:    Trog [*****.]
Gold:   0          SH:  0    Dex: 16    Spells: 0 memorised, 9 levels left

rFire  . . .     SeeInvis .     v - +8 great mace (antimagic)
rCold  . . .     Gourm    +     a - +0 animal skin
rNeg   . . .     Faith    .     (shield currently unavailable)
rPois  .         Spirit   .     o - +2 hat {MR+}
rElec  .         Dismiss  .     (no cloak)
rCorr  .         Reflect  .     (gloves unavailable)
SustAt .         Harm     .     (boots unavailable)
MR     +....     NoTele   +     (no amulet)
Stlth  +.........               r - +3 ring of dexterity
                                q - +3 ring of dexterity

@: lethally poisoned (-12 -> -12), exhausted, corroded, slowed, very slow
A: unfitting armour, claws 3, fast metabolism 3, gourmand, regeneration 2,
shaggy fur 1, tough skin 2
a: Berserk, Trog's Hand, Brothers in Arms, Burn Spellbooks, Renounce Religion


You were in the Dungeon.
You worshipped Trog.
Trog was extremely pleased with you.
You were not hungry.

You visited 1 branch

Inventory:

Hand Weapons
 v - a +8 antimagic great mace (weapon)
Armour
 a - a +0 animal skin (worn)
 o - a +2 hat of magic resistance (worn)
Jewellery
 q - a +3 ring of dexterity (left claw)
 r - a +3 ring of dexterity (right claw)
Scrolls
 h - a scroll of blinking
 l - 3 scrolls of remove curse
 m - a scroll of summoning
Potions
 c - 7 potions of curing
 d - 14 potions of heal wounds
 e - a potion of haste
 f - 4 potions of magic
 g - 4 potions of berserk rage
 k - 2 potions of invisibility
 n - 2 potions of cancellation {unknown}
 s - a potion of brilliance
 t - a potion of cure mutation
Comestibles
 b - 7 bread rations
 i - 40 fruits
 j - 7 meat rations


   Skills:
 * Level 11.5 Fighting
 * Level 6.0 Maces & Flails
 + Level 8.0 Armour
 * Level 11.5 Dodging
 - Level 12.0 Unarmed Combat


You had 9 spell levels left.
You didn't know any spells.

Dungeon Overview and Level Annotations

Branches:
Dungeon (1/1)

Altars:


Innate Abilities, Weirdness & Mutations

You are too large for most types of armour.
You have claws for hands.
Your metabolism is lightning-fast.
You like to eat raw meat.
You heal very quickly.
You are covered in fur. (AC +1)
You have very tough skin. (AC +2)


Message History

You feel sick. The rust devil hits you.
* * * LOW HITPOINT WARNING * * *
The rust devil corrodes you! The rust devil misses you.
You sock the rust devil!
The rust devil is almost dead.
You feel sick. The rust devil misses you. The rust devil completely misses you.
You hit the rust devil but do no damage.
The rust devil is almost dead.
The rust devil hits you!
* * * LOW HITPOINT WARNING * * *
The rust devil corrodes you! The rust devil completely misses you.
The rust devil misses you.
A death yak comes into view.
You barely miss the rust devil.
The rust devil is almost dead.
You feel sick.
The death yak bellows!
You hit the death yak but do no damage.
You feel sick. The death yak barely misses you. The death yak gores you!!
You die...

............+
..#..#......#
............#
#####''######
...##''##### ###
...##.)....# ....
...##......# ....#
...###...%## ####†..#
...# ##)%## ###.@Y4..+
...###[())###....##'##
...##......#....##
#####......'....+
#####......#....#
.[[###...)###....#
.[[# ##''## ###..+
.))# #....# ####
.))##......#


You could see a death yak and a rust devil.

Vanquished Creatures
  Gastronok (D)
  A vampire mage (D)
  An orc knight (D)
  A deep elf mage (D)
  A spiny frog (D)
  A black mamba (D)
  A hungry ghost (D)
  A hippogriff (D)
  A warg (D)
  A giant eyeball (D)
  2 black bears (D)
  A centaur (D)
  An ogre (D)
  Blork the orc (D)
  An iron imp (D)
  2 river rats (D)
  2 ufetubi (D)
  An ooze (D)
  An orc (D)
  A giant cockroach (D)
  5 jackals (D)
  A quokka (D)
  2 ball pythons (D)
  A giant newt (D)
  A kobold (D)
33 creatures vanquished.

Vanquished Creatures (collateral kills)
  A deep elf mage (D)
  A hornet (D)
  A komodo dragon (D)
  A boulder beetle (D)
  A soldier ant (D)
  5 killer bees (D)
  A jelly (D)
  An adder zombie (D)
  3 orcs (D)
  A jackal (D)
16 creatures vanquished.

Grand Total: 49 creatures vanquished

Notes
Turn   | Place    | Note
-------+----------+-------------------------------------------
     0 | D        | Kidiri the Troll Berserker began the quest for the Orb.
     0 | D        | Reached XP level 1. HP: 22/22 MP: 0/0
    54 | D        | Reached ** piety under Trog
    77 | D        | Reached skill level 1 in Armour
    77 | D        | Reached XP level 2. HP: 21/31 MP: 1/1
    81 | D        | Reached *** piety under Trog
    81 | D        | Reached skill level 4 in Unarmed Combat
   209 | D        | Reached XP level 3. HP: 31/37 MP: 2/2
   309 | D        | Noticed a hungry ghost
   332 | D        | Killed a hungry ghost
   332 | D        | Reached skill level 5 in Fighting
   332 | D        | Reached skill level 5 in Dodging
   332 | D        | Reached skill level 6 in Unarmed Combat
   332 | D        | Reached XP level 4. HP: 40/50 MP: 3/3
   332 | D        | Reached XP level 5. HP: 46/57 MP: 4/4
   411 | D        | Noticed a black bear
   414 | D        | Noticed Blork the orc
   414 | D        | Noticed a black bear
   420 | D        | Reached **** piety under Trog
   430 | D        | Killed a black bear
   430 | D        | Reached skill level 7 in Unarmed Combat
   430 | D        | Reached XP level 6. HP: 57/67 MP: 5/5
   476 | D        | Killed Blork the orc
   476 | D        | Reached ***** piety under Trog
   476 | D        | Reached skill level 8 in Unarmed Combat
   560 | D        | Noticed a warg
   561 | D        | Killed a warg
   561 | D        | Reached XP level 7. HP: 78/78 MP: 6/6
   640 | D        | Noticed Gastronok
   651 | D        | Killed Gastronok
   651 | D        | Reached skill level 11 in Unarmed Combat
   651 | D        | Reached XP level 8. HP: 93/93 MP: 7/7
   651 | D        | Reached XP level 9. HP: 101/101 MP: 8/8
   844 | D        | Noticed a deep elf mage
   863 | D        | Killed a deep elf mage
   863 | D        | Reached ****** piety under Trog
   863 | D        | Reached skill level 10 in Fighting
   863 | D        | Reached skill level 10 in Dodging
   863 | D        | Reached skill level 12 in Unarmed Combat
   911 | D        | Noticed a spiny frog
   921 | D        | Killed a spiny frog
   921 | D        | Reached skill level 1 in Maces & Flails
  1124 | D        | Noticed a deep elf mage
  1124 | D        | Noticed an orc knight
  1127 | D        | Received a gift from Trog
  1131 | D        | Killed a deep elf mage
  1131 | D        | Received a gift from Trog
  1135 | D        | Killed an orc knight
  1135 | D        | Reached XP level 10. HP: 101/111 MP: 9/9
  1282 | D        | Noticed a hornet
  1287 | D        | Killed a hornet
  1366 | D        | Noticed a black mamba
  1369 | D        | Reached skill level 5 in Maces & Flails
  1379 | D        | Noticed a vampire mage
  1380 | D        | Killed a black mamba
  1381 | D        | Noticed a phantasmal warrior
  1385 | D        | Noticed a rust devil
  1385 | D        | Killed a vampire mage
  1402 | D        | Noticed a death yak
  1403 | D        | Mangled by a death yak

Vault maps used:
D:        pitsprint

Skill      XL: |  1  2  3  4  5  6  7  8  9 10 |
---------------+-------------------------------+-----
Fighting       | 3 5 6 7 9 10 11 | 11.5
Armour         | 1 3 4 6 7 8 |  8.0
Dodging        | 3 5 6 7 9 10 11 | 11.5
Unarmed Combat | 4 6 7 8 11 12 | 12.0
Maces & Flails | 4 6 |  6.0

Action                   |  1- 3 |  4- 6 |  7- 9 | 10-12 || total
-------------------------+-------+-------+-------+-------++-------
Melee: Unarmed           |    35 |    29 |    25 |       ||    89
       Punch             |       |       |     2 |       ||     2
       Giant spiked club |       |       |    15 |       ||    15
       Great mace        |       |       |       |    33 ||    33
Invok: Berserk           |       |     1 |     4 |     1 ||     6
       Brothers in Arms  |       |       |     3 |     4 ||     7
       Trog's Hand       |       |       |       |     1 ||     1
  Eat: Bread ration      |       |     1 |     1 |       ||     2
       Chunk             |       |     3 |     5 |     8 ||    16
Armor: Animal skin       |     9 |    11 |     4 |     5 ||    29
Dodge: Dodged            |    23 |    26 |    31 |    37 ||   117
